AoeStats
← PoeBoy

Migration

509785854Analyzed
1v1 RM · 3d ago on Sep 28, 2026· 35m 4s· 2 players
Game mode
Random Map
Map size
132×132
Population
200
Speed
Normal
Resources
Standard
Victory
Conquest
Starting age
Dark Age
Ending age
Imperial Age
RankedLock teamsTeams togetherTeam positionsShared explorationLock speedFull tech treeHidden civsTurbo modeCheats
Victory
Defeat
🇵🇪 Vikings · Peru
1284
+16
🇺🇸 Varangians · United States
1287
-16
N4nd0
8:25 Loom
11:14 Feudal Age
13:04 Double-Bit Axe
15:53 Castle Age
14:43 Fletching
15:13 Gold Mining
18:11 Bodkin Arrow
18:48 Bow Saw
24:13 Ballistics
24:03 Town Watch
25:23 Careening
29:41 Imperial Age
27:56 Clinker Construction
30:27 Bracer
30:05 Elite Longship
31:51 Chemistry
PoeBoy
7:42 Loom
10:23 Feudal Age
11:31 Double-Bit Axe
12:45 Fishing Lines
18:43 Castle Age
19:56 Horse Collar
20:27 Bow Saw
20:12 Gold Mining
20:28 Fletching
21:23 Wheelbarrow
21:34 Bodkin Arrow
23:23 Hand Cart
23:49 Ballistics
28:43 Arson
29:48 Squires
29:51 Scale Mail Armor
33:59 Imperial Age
32:40 Gambesons
33:35 Medium Warships
33:42 Chain Mail Armor
33:38 Forging
Connection lost

Rejoining the realm…

Still unreachable

The connection could not be restored.

Session expired

The server has moved on; the page needs a fresh start.